 Dungeon Crawl Stone Soup version 0.23-a0-393-g6e9e0f2070 (webtiles) character file.

27596 PikkenKukken the Martial Artist (level 13, 0/111 HPs)
             Began as a Demonspawn Transmuter on Oct 31, 2018.
             Was a High Priest of Kikubaaqudgha.
             Slain by a seven-headed hydra (17 damage)
             ... on level 5 of the Lair of Beasts.
             The game lasted 01:13:52 (23138 turns).

PikkenKukken the Martial Artist (DsTm)             Turns: 23138, Time: 01:13:55

Health: 0/111      AC:  7    Str: 10    XL:     13   Next: 5%
Magic:  14/19      EV: 15    Int: 22    God:    Kikubaaqudgha [*****.]
Gold:   774        SH:  0    Dex: 15    Spells: 6/20 levels left

rFire    x . .     SeeInvis .     - Unarmed
rCold    + + +     Gourm    .   (shield currently unavailable)
rNeg     . . .     Faith    +   (armour currently unavailable)
rPois    +         Spirit   .   (helmet currently unavailable)
rElec    .         Reflect  .   (cloak currently unavailable)
rCorr    +         Harm     .   (gloves unavailable)
MR       .....                  (boots currently unavailable)
Stlth    +.........             y - amulet of faith
HPRegen  0.28/turn              o - +3 ring of intelligence
MPRegen  0.16/turn              z - ring of resist corrosion

@: ice-form
A: large, powered by death 1
a: End Transformation, Receive Corpses, Torment, Renounce Religion


You were on level 5 of the Lair of Beasts.
You worshipped Kikubaaqudgha.
Kikubaaqudgha was extremely pleased with you.
You were hungry.
You were a creature of crystalline ice.
You visited 2 branches of the dungeon, and saw 16 of its levels.

You collected 774 gold pieces.

Inventory:

Missiles
 a - 41 arrows
 c - 381 stones (quivered)
Armour
 e - a +2 robe of cold resistance
 v - a +0 pair of boots (melded)
 B - +0 steam dragon scales
 D - the +4 ring mail of Leamiamn (melded) {rPois rF+ Dex-2}
   (You found it on level 10 of the Dungeon)

   It affects your dexterity (-2).
   It protects you from fire.
   It protects you from poison.
Jewellery
 i - an uncursed amulet of the acrobat
 o - a +3 ring of intelligence (left front paw)
 r - a +1 ring of protection
 s - an uncursed ring of see invisible
 y - an amulet of faith (around neck)
 z - a ring of resist corrosion (right front paw)
 F - an uncursed amulet of guardian spirit
Wands
 j - a wand of clouds (3)
 m - a wand of paralysis (22)
 t - a wand of disintegration (28)
 G - a wand of enslavement (16)
 H - a wand of iceblast (7)
Scrolls
 b - a scroll of amnesia
 n - 8 scrolls of remove curse
 p - 3 scrolls of teleportation
 w - a scroll of fog
 A - 2 scrolls of enchant weapon
 E - 3 scrolls of identify
 I - a scroll of brand weapon {unknown}
 J - a scroll of enchant armour {unknown}
 K - a scroll of blinking
Potions
 f - 3 potions of flight
 g - 5 potions of curing
 h - a potion of agility
 k - a potion of mutation
 l - 2 potions of brilliance
 q - 3 potions of lignification
 u - a potion of berserk rage
 x - 2 potions of might
 C - 2 potions of heal wounds
Comestibles
 d - 21 rations


   Skills:
 - Level 6.0 Fighting
 - Level 4.0 Armour
 - Level 8.0 Dodging
 * Level 13.0 Unarmed Combat
 - Level 4.0 Spellcasting
 + Level 8.5 Necromancy
 + Level 8.7 Transmutations
 - Level 3.0 Ice Magic


You had 6 spell levels left.
You knew the following spells:

 Your Spells              Type           Power        Failure   Level  Hunger
a - Beastly Appendage     Tmut           #####.       1%          1    None
b - Sticks to Snakes      Tmut           #####...     1%          2    #......
c - Spider Form           Tmut/Pois      ###.......   5%          3    ###....
d - Ice Form              Ice/Tmut       ####....     10%         4    ####...
e - Animate Dead          Necr           N/A          3%          4    ####...

Your spell library contained the following spells:

 Spells                   Type           Power        Failure   Level  Hunger
 Animate Skeleton         Necr           N/A          1%          1    None
 Pain                     Necr           ####         1%          1    None
 Corpse Rot               Necr           N/A          1%          2    #......
 Sublimation of Blood     Necr           #####.....   1%          2    #......
 Vampiric Draining        Necr           #####.....   1%          3    ###....
 Ensorcelled Hibernation  Hex/Ice        ##....       9%          2    #......
 Blade Hands              Tmut           #####.....   9%          5    ######.
 Dispel Undead            Necr           #####...     10%         5    ######.
 Apportation              Tloc           #.....       11%         1    None
 Confusing Touch          Hex            #.....       11%         1    None
 Corona                   Hex            #......      11%         1    None
 Flame Tongue             Conj/Fire      #....        11%         1    None
 Shock                    Conj/Air       #...         11%         1    None
 Summon Small Mammal      Summ           #...         11%         1    None
 Slow                     Hex            #.......     17%         2    #......
 Swiftness                Chrm/Air       #.......     17%         2    #......
 Confuse                  Hex            #.......     32%         3    ###....
 Dazzling Spray           Conj/Hex       #.....       32%         3    ###....
 Inner Flame              Hex/Fire       #.......     32%         3    ###....
 Portal Projectile        Hex/Tloc       #.....       32%         3    ###....
 Recall                   Summ/Tloc      N/A          32%         3    ###....
 Static Discharge         Conj/Air       #.......     32%         3    ###....
 Tukima's Dance           Hex            #.......     32%         3    ###....
 Yara's Violent Unravell  Hex/Tmut       ###.......   45%         5    ######.
 Death Channel            Necr           #####.....   45%         6    #######
 Bolt of Draining         Conj/Necr      ###.......   47%         5    ######.
 Borgnjor's Vile Clutch   Necr/Erth      ###.......   47%         5    ######.
 Excruciating Wounds      Chrm/Necr      ###.......   47%         5    ######.
 Airstrike                Air            #.........   73%         4    ####...
 Cause Fear               Hex            #.........   73%         4    ####...
 Leda's Liquefaction      Hex/Erth       #.........   73%         4    ####...
 Simulacrum               Ice/Necr       ####......   85%         6    #######
 Lightning Bolt           Conj/Air       #.........   97%         5    ######.
 Silence                  Hex/Air        #.........   97%         5    ######.
 Bolt of Fire             Conj/Fire      #.........   100%        6    #######
 Deflect Missiles         Chrm/Air       #.........   100%        6    #######
 Dragon Form              Tmut           #####.....   95%         7    #######
 Discord                  Hex            #.........   100%        8    #######
 Dragon's Call            Summ           #.........   100%        9    #######


Dungeon Overview and Level Annotations

Branches:
Dungeon (10/15)            Temple (0/1) D:7            Lair (6/6) D:9
  Swamp (0/4) Lair:4        Snake (0/4) Lair:2        Slime (0/5) Lair:5
    Orc: D:9-12

Altars:
Dithmenos
Gozag
Kikubaaqudgha
Makhleb
Okawaru
Qazlal
Trog
Vehumet
Wu Jian
Yredelemnul
The Shining One

Shops:
D:6 %   D:7 (

Annotations:
D:9 exclusion: door
Lair:3 2 transporters, PikkenKukken's ghost, journeyman DrTm


Innate Abilities, Weirdness & Mutations

((You have claws for hands.))
You regenerate a little health from kills.
((You are mostly covered in sharp spines.))
((When seriously injured, your bleeding wounds create armour. (AC +0)))


Message History

You freeze the seven-headed hydra.
The seven-headed hydra is heavily wounded.
The seven-headed hydra bites you! x2; The seven-headed hydra bites you.
The seven-headed hydra bites you! The seven-headed hydra misses you.
The seven-headed hydra bites you. The seven-headed hydra bites you!
* * * LOW HITPOINT WARNING * * *
Your ball python bites the seven-headed hydra.
You catch the helpless seven-headed hydra completely off-guard!
You punch the seven-headed hydra! You freeze the seven-headed hydra.
The seven-headed hydra is almost dead.
The seven-headed hydra is no longer moving slowly.
Your ball python bites the seven-headed hydra.
The seven-headed hydra bites your ball python!
Your ball python dies!
The seven-headed hydra bites you!
* * * LOW HITPOINT WARNING * * *
The seven-headed hydra bites you but does no damage.
The seven-headed hydra bites you!
You die...
Kikubaaqudgha rasps: "You have failed me!
Welcome... death!"

..P.<....# .... .P.PPP...# ...#
>... .........# ...# ##......P
..P..P..###.. #... #P......##
.......####.P##..### ##...P...
..########....#....###.......
.########..P..#...###P.P...###
...........#...#.PP...P...P.P#
...P............Y....P.P#....####
......#.........D.......##...#...
.#..P..............)....##......P
....#.........♣♣...♣♣...##.#.....
.............♣♣♣♣.♣.♣♣..#..###...
....###......♣..♣.♣♣♣♣.#.####....
....# #........♣....♣....)#......
..#####..................#.....P#
.#.###...♣♣.........♣....#.....##


You could see a seven-headed hydra.

Vanquished Creatures
  A hydra (Lair:5)
  A two-headed ogre (D:7)
  2 death yaks (D:9)
  Urug (D:10)
  A cyclops (D:10)
  2 elephants (Lair:4)
  Joseph (D:7)
  Psyche (D:10)
  7 black mambas
  5 spiny frogs
  3 rime drakes
  4 hippogriffs
  Grinder (D:5)
  8 blink frogs
  Sigmund (D:3)
  17 yaks
  A wyvern (Lair:5)
  A basilisk (Lair:4)
  2 steam dragons
  2 nagas (Lair:2)
  Edmund (D:6)
  5 porcupines
  A hornet zombie (D:8)
  4 orc warriors
  6 water moccasins
  A black bear (D:10)
  4 ice beasts
  A swamp drake (Lair:1)
  A sky beast (D:8)
  3 ogres
  10 wolves
  3 centaurs
  3 phantoms
  4 crocodiles
  2 big kobolds
  9 bullfrogs
  4 scorpions
  A water moccasin skeleton (D:8)
  8 killer bees
  3 wights (D:8)
  A howler monkey (D:6)
  An electric eel (Lair:4)
  4 crimson imps
  2 centaur zombies
  A bullfrog zombie (D:9)
  5 orc priests
  A bullfrog skeleton (D:8)
  7 hounds
  2 jellies (D:8)
  A centaur skeleton (D:7)
  6 iguanas
  5 orc wizards
  8 worker ants
  A hound zombie (D:8)
  A hound skeleton (D:10)
  6 adders
  3 shadow imps
  An ooze (D:1)
  2 adder zombies (D:6)
  2 worms
  6 dart slugs
  8 leopard geckos
  36 orcs
  2 giant cockroaches
  11 goblins
  7 hobgoblins
  14 jackals
  8 kobolds
  4 quokkas
  A ball python zombie (D:5)
  7 bats
  2 frilled lizards
  A quokka skeleton (D:6)
  6 rats
  A plant (Lair:4)
310 creatures vanquished.

Vanquished Creatures (collateral kills)
  A hydra (Lair:3)
  2 death yaks
  A two-headed ogre (D:7)
  An ugly thing (D:8)
  2 black mambas
  2 elephants (Lair:4)
  A spiny frog (Lair:4)
  3 komodo dragons
  A polar bear (Lair:4)
  2 hippogriffs
  6 blink frogs
  4 yaks
  A naga (Lair:2)
  A porcupine (Lair:5)
  4 water moccasins
  2 wolves (Lair:4)
  3 crocodiles
  2 bullfrogs (Lair:2)
  An orc wizard (D:7)
  2 worker ants
  A hound zombie (D:4)
  2 orcs
  A goblin (D:1)
  2 fungi (Lair:4)
  2 plants
50 creatures vanquished.

Vanquished Creatures (others)
  18 fungi
  8 plants (Lair:5)
26 creatures vanquished.

Grand Total: 386 creatures vanquished

Notes
Turn   | Place    | Note
-------+----------+-------------------------------------------
     0 | D:1      | PikkenKukken the Demonspawn Transmuter began the quest for
                  | the Orb.
     0 | D:1      | Reached XP level 1. HP: 15/15 MP: 3/3
   196 | D:1      | Gained mutation: You are partially covered in sharp spines.
                  | [demonic ancestry]
   196 | D:1      | Reached XP level 2. HP: 21/21 MP: 3/5
   336 | D:1      | Reached skill level 3 in Unarmed Combat
   897 | D:1      | Learned a level 2 spell: Sticks to Snakes
   978 | D:1      | Gained mutation: You regenerate a little health from kills.
                  | [demonic ancestry]
   978 | D:1      | Reached XP level 3. HP: 23/26 MP: 4/6
  1733 | D:2      | Reached XP level 4. HP: 20/33 MP: 5/7
  1877 | D:2      | Found a faded altar of an unknown god.
  1912 | D:2      | Found a stormy altar of Qazlal.
  2267 | D:2      | Learned a level 3 spell: Spider Form
  2518 | D:3      | Noticed Sigmund
  2671 | D:2      | Found a radiant altar of Vehumet.
  2671 | D:2      | Found a burning altar of Makhleb.
  2715 | D:3      | Found an iron altar of Okawaru.
  2856 | D:3      | Found an ornate altar of the Wu Jian Council.
  2909 | D:3      | Reached XP level 5. HP: 17/38 MP: 8/8
  3128 | D:3      | Reached skill level 4 in Unarmed Combat
  3295 | D:3      | Killed Sigmund
  3295 | D:3      | Gained mutation: You have sharp fingernails. [demonic
                  | ancestry]
  3295 | D:3      | Reached XP level 6. HP: 29/46 MP: 1/9
  4328 | D:4      | Reached skill level 5 in Unarmed Combat
  4359 | D:4      | Found an ancient bone altar of Kikubaaqudgha.
  4369 | D:4      | Became a worshipper of Kikubaaqudgha
  4450 | D:4      | Gained mutation: You have very sharp fingernails. [demonic
                  | ancestry]
  4450 | D:4      | Reached XP level 7. HP: 41/52 MP: 4/10
  5002 | D:5      | Entered Level 5 of the Dungeon
  5002 | D:5      | Noticed Grinder
  5398 | D:5      | Killed Grinder
  5398 | D:5      | Reached skill level 6 in Unarmed Combat
  5480 | D:5      | Gained mutation: You are mostly covered in sharp spines.
                  | [demonic ancestry]
  5480 | D:5      | Reached XP level 8. HP: 55/60 MP: 1/11
  5485 | D:5      | Reached * piety under Kikubaaqudgha
  5485 | D:5      | Identified Kikubaaqudgha's Handbook of Stolen Souls
                  | (Kikubaaqudgha gifted it to you on level 5 of the Dungeon)
  5485 | D:5      | Received a gift from Kikubaaqudgha
  6368 | D:6      | Found Akhluutu's Food Shop.
  6511 | D:6      | Reached skill level 1 in Necromancy
  6517 | D:6      | Noticed Edmund
  6540 | D:6      | Killed Edmund
  6805 | D:6      | Found a shadowy altar of Dithmenos.
  6826 | D:6      | Reached skill level 5 in Fighting
  7352 | D:6      | Gained mutation: When seriously injured, your bleeding
                  | wounds create armour. (AC +0) [demonic ancestry]
  7352 | D:6      | Reached XP level 9. HP: 68/68 MP: 13/13
  7642 | D:7      | Found a glowing golden altar of the Shining One.
  7726 | D:7      | Found a staircase to the Ecumenical Temple.
  7959 | D:7      | Found Vegyll's Weapon Emporium.
  7959 | D:7      | Noticed Joseph
  7987 | D:7      | Reached skill level 7 in Unarmed Combat
  7987 | D:7      | Reached skill level 5 in Transmutations
  8002 | D:8      | Found an ancient bone altar of Kikubaaqudgha.
  8022 | D:7      | Killed Joseph
  8022 | D:7      | Reached skill level 5 in Dodging
  8542 | D:7      | Found a basalt altar of Yredelemnul.
  9167 | D:8      | Noticed a two-headed ogre
  9211 | D:7      | Killed a two-headed ogre
  9306 | D:8      | Reached ** piety under Kikubaaqudgha
  9309 | D:8      | Found a bloodstained altar of Trog.
  9431 | D:8      | Learned a level 4 spell: Ice Form
  9548 | D:8      | Reached skill level 8 in Unarmed Combat
  9561 | D:8      | Reached XP level 10. HP: 47/76 MP: 8/16
  9708 | D:8      | Found an opulent altar of Gozag.
  9776 | D:8      | Noticed a two-headed ogre
  9879 | D:7      | Killed a two-headed ogre
  9879 | D:7      | Reached skill level 1 in Ice Magic
 11380 | D:9      | Noticed a purple ugly thing
 11524 | D:8      | Killed a purple ugly thing
 11633 | D:9      | Reached skill level 5 in Necromancy
 11728 | D:9      | Found a staircase to the Lair.
 12264 | D:9      | Reached *** piety under Kikubaaqudgha
 12264 | D:9      | Identified Kikubaaqudgha's Disquisition on Darkness
                  | (Kikubaaqudgha gifted it to you on level 9 of the Dungeon)
 12264 | D:9      | Received a gift from Kikubaaqudgha
 12266 | D:9      | Reached skill level 9 in Unarmed Combat
 12496 | D:10     | Entered Level 10 of the Dungeon
 12921 | D:9      | Learned a level 4 spell: Animate Dead
 13747 | D:10     | Reached **** piety under Kikubaaqudgha
 13899 | D:10     | Noticed a cyclops
 13916 | D:10     | Killed a cyclops
 13916 | D:10     | Reached XP level 11. HP: 25/81 MP: 8/17
 14167 | D:10     | Noticed Psyche
 14176 | D:10     | Killed Psyche
 14271 | D:10     | Got an ichor-stained ring mail
 14272 | D:10     | Identified the +4 ring mail of Leamiamn {rPois rF+ Dex-2}
                  | (You found it on level 10 of the Dungeon)
 14362 | D:10     | Noticed Urug
 14381 | D:10     | Killed Urug
 14381 | D:10     | Reached skill level 1 in Armour
 14682 | Lair:1   | Entered Level 1 of the Lair of Beasts
 14692 | Lair:1   | Reached skill level 10 in Unarmed Combat
 15984 | Lair:2   | Noticed a death yak
 15984 | Lair:2   | Noticed a death yak
 16028 | Lair:2   | Noticed a death yak
 16030 | Lair:2   | Noticed a death yak
 16040 | Lair:1   | Killed a death yak
 16040 | Lair:1   | Reached skill level 11 in Unarmed Combat
 16607 | D:9      | Killed a death yak
 16623 | D:9      | Killed a death yak
 16817 | Lair:2   | Killed a death yak
 17355 | Lair:2   | Found a staircase to the Snake Pit.
 17380 | Lair:2   | Reached XP level 12. HP: 84/88 MP: 14/18
 18711 | Lair:3   | Found a transporter.
 18715 | Lair:3   | Noticed PikkenKukken's ghost (journeyman DrTm)
 18718 | Lair:3   | Found a transporter.
 18940 | Lair:3   | Reached skill level 12 in Unarmed Combat
 19413 | Lair:3   | Noticed a four-headed hydra
 19420 | Lair:3   | Killed a four-headed hydra
 19420 | Lair:3   | Reached ***** piety under Kikubaaqudgha
 20051 | Lair:4   | Found a staircase to the Swamp.
 21902 | Lair:5   | Noticed an eight-headed hydra
 21911 | Lair:5   | Killed an eight-headed hydra
 22457 | Lair:5   | Gained mutation: You have claws for hands. [demonic
                  | ancestry]
 22457 | Lair:5   | Reached XP level 13. HP: 25/93 MP: 15/19
 22742 | Lair:6   | Entered Level 6 of the Lair of Beasts
 22763 | Lair:5   | Reached skill level 13 in Unarmed Combat
 23116 | Lair:5   | Found a staircase to the Slime Pits.
 23138 | Lair:5   | Slain by a seven-headed hydra

Vault maps used:
D:1:      nicolae_arrival_memento_mori
D:2:      nicolae_overflow_hidden_temple, chequers_ecumenical_altar_simple,
          grunt_qazlal_sundering
D:3:      overflow_temple_1_default, okawaru_gym_becter, first_ration,
          uniq_sigmund
D:4:      lemuel_coloured_pillars_altar
D:5:      minmay_misc_feat_square, uniq_grinder
D:6:      lemuel_doored_altar, serial_shops, shop, uniq_edmund
D:7:      kennysheep_little_box, kennysheep_mini_moat, minmay_temple_entry_hall,
          serial_shops, nicolae_shop_crystal, uniq_joseph
D:8:      marbit_many_paths, nicolae_overflow_crystal_walls, basic_altar,
          enter_bailey_3, minmay_radiant
D:9:      lair_entry_dummy
D:10:     minmay_crystal_room, uniq_urug, uniq_psyche
Lair:1:   serial_rivers, chequers_serial_rivers_micro_b,
          chequers_serial_rivers_micro_e, chequers_serial_rivers_micro_c,
          chequers_serial_rivers_micro_b, chequers_serial_rivers_large_a,
          enter_volcano_1
Lair:2:   guppyfry_snake_entry_garden, guppyfry_lair_drakes, grunt_megastairs_2
Lair:3:   gammafunk_ghost_arena, grunt_forest_small_clearings
Lair:4:   beast_lair_carwin_large_2, swamp_mist_pool,
          chequers_serial_rivers_room_b, grunt_megastairs_4,
          serial_bayou_shore_b, lemuel_fruit_tree
Lair:5:   slime_altar_1, ldierk_geyser, nicolae_lair_grove_arrangements,
          cheibrodos_lair_reptile_den, infiniplex_staircase_pool_2
Lair:6:   minmay_lair_end_frog_pond, minmay_lair_oklob_chamber,
          serial_bayou_shore_b, infiniplex_staircase_pool, uniq_kirke

Skill      XL: |  1  2  3  4  5  6  7  8  9 10 11 12 13 |
---------------+----------------------------------------+-----
Unarmed Combat | 3 4 5 6 8 9 11 12 13 | 13.0
Dodging        | 2 3 4 5 6 7 8 |  8.0
Transmutations | 2 3 4 5 7 8 |  8.7
Fighting       | 2 3 4 5 6 |  6.0
Necromancy     | 2 4 6 8 |  8.5
Spellcasting   | 4 |  4.0
Ice Magic      | 3 |  3.0
Armour         | 4 |  4.0

Action                   |  1- 3 |  4- 6 |  7- 9 | 10-12 | 13-15 || total
-------------------------+-------+-------+-------+-------+-------++-------
Melee: Unarmed           |    88 |   132 |   276 |   625 |    22 ||  1143
       Kick              |    10 |     4 |       |       |       ||    14
       Punch             |     2 |     4 |     4 |    13 |     1 ||    24
       Headbutt          |     3 |     6 |     3 |     4 |       ||    16
 Cast: Beastly Appendage |    21 |    16 |     3 |     2 |       ||    42
       Sticks to Snakes  |     3 |     9 |    38 |    75 |     3 ||   128
       Spider Form       |       |       |    17 |    21 |       ||    38
       Ice Form          |       |       |       |    24 |     2 ||    26
       Animate Dead      |       |       |       |    31 |     3 ||    34
Invok: Receive Corpses   |       |       |       |     9 |       ||     9
 Abil: End Transformatio |       |       |       |     1 |       ||     1
Evoke: Wand              |       |     2 |       |     3 |       ||     5
  Use: Scroll            |     5 |     7 |     4 |    16 |     1 ||    33
       Potion            |       |     4 |     1 |     3 |       ||     8
 Stab: Sleeping          |       |     2 |       |     1 |       ||     3
       Distracted        |       |       |     3 |     6 |     2 ||    11
  Eat: Chunk             |     3 |    10 |    13 |    30 |     2 ||    58
       Ration            |       |       |     2 |     8 |       ||    10
Armor: Robe              |    16 |    15 |    24 |    13 |       ||    68
       Skin              |       |       |     5 |    35 |     2 ||    42
       Ring mail         |       |       |       |    45 |     4 ||    49
Dodge: Dodged            |    52 |    92 |   166 |   420 |    23 ||   753

Table legend:
 A = Non-vault XP
 B = Vault XP
 C = Vault XP percentage of total XP
 D = Non-vault monster count
 E = Vault monster count
 F = Vault count percentage of total count
                 A         B        C        D         E       F
            +---------+---------+-------+---------+---------+-------
      Total |   32301 |    7123 |  18.1 |     324 |      31 |   8.7
            +---------+---------+-------+---------+---------+-------
        D:1 |      53 |       0 |   0.0 |      25 |       0 |   0.0
        D:2 |      77 |       0 |   0.0 |      11 |       0 |   0.0
        D:3 |     109 |     182 |  62.5 |      23 |       1 |   4.2
        D:4 |     592 |       0 |   0.0 |      30 |       0 |   0.0
        D:5 |     444 |     255 |  36.5 |      23 |       1 |   4.2
        D:6 |     944 |     151 |  13.8 |      27 |       1 |   3.6
        D:7 |    2347 |     437 |  15.7 |      15 |       1 |   6.2
        D:8 |    1742 |     342 |  16.4 |      26 |       6 |  18.8
        D:9 |    4898 |       0 |   0.0 |      34 |       0 |   0.0
       D:10 |    1848 |    1151 |  38.4 |      21 |       2 |   8.7
     Lair:1 |    1841 |       0 |   0.0 |       8 |       0 |   0.0
     Lair:2 |    4853 |    1317 |  21.3 |      24 |       9 |  27.3
     Lair:3 |    4405 |       0 |   0.0 |      17 |       0 |   0.0
     Lair:4 |    4873 |    2375 |  32.8 |      26 |       8 |  23.5
     Lair:5 |    3275 |     913 |  21.8 |      14 |       2 |  12.5
            +---------+---------+-------+---------+---------+-------
